 Dungeon Crawl Stone Soup version 0.30.1 (webtiles) character file.

Game seed: 5093369158891800313

11379 Graphine the Cleaver (level 11, -1/95 HPs)
             Began as a Hill Orc Fighter on July 3, 2023.
             Was a Believer of the Shining One.
             Slain by a catoblepas (18 damage)
             ... on level 1 of the Lair of Beasts.
             The game lasted 00:17:58 (10954 turns).

Graphine the Cleaver (Hill Orc Fighter)            Turns: 10954, Time: 00:18:00

Health: -1/95      AC: 10    Str: 30    XL:     11   Next: 76%
Magic:  19/19      EV:  9    Int:  8    God:    the Shining One [**....]
Gold:   515        SH: 13    Dex: 13    Spells: 10/10 levels left

rFire   . . .        a - +2 war axe (flame)
rCold   + . .        x - +3 kite shield
rNeg    + . .        j - +1 scale mail of the Game of Life {+Blink +Inv rC+ Dex+3}
rPois   .            (no helmet)
rElec   .            (no cloak)
rCorr   +            (no gloves)
SInv    .            g - +0 pair of boots
Will    .....        (no amulet) Stlth
                     y - ring of resist corrosion
HPRegen 0.35/turn    n - +6 ring of strength
MPRegen 0.16/turn

%: no passive effects
@: glowing
A: no striking features
a: Renounce Religion, Evoke Blink, Evoke Invisibility, Divine Shield


You were on level 1 of the Lair of Beasts.
You worshipped the Shining One.
The Shining One was pleased with you.
You visited 2 branches of the dungeon, and saw 11 of its levels.
You also visited: Sewer.

You collected 515 gold pieces.

Inventory:

Hand Weapons
 a - a +2 war axe of flaming (weapon)
 c - a +2 war axe of venom
 s - the +6 spear of the Thirsty Friars {freeze, rN++ Int+2 Stlth+}
   (You found it on level 7 of the Dungeon)

   Int:       It affects your intelligence (+2).
   rN:        It greatly protects you from negative energy.
   Stlth:     It makes you more stealthy.
 C - a +4 war axe
Missiles
 i - 13 boomerangs of dispersal (quivered)
Armour
 g - a +0 pair of boots (worn)
 j - the +1 scale mail of the Game of Life (worn) {+Blink +Inv rC+ Dex+3}
   (You found it on level 2 of the Dungeon)

   Dex:       It affects your dexterity (+3).
   rC:        It protects you from cold.
   +Inv:      It lets you turn invisible.
   +Blink:    It lets you blink.
 x - a +3 kite shield (worn)
Magical Staves
 t - a staff of fire
Jewellery
 n - a +6 ring of strength (right hand)
 p - a ring of protection from fire
 q - a +6 ring of dexterity
 u - a ring of ice
 y - a ring of resist corrosion (left hand)
Wands
 h - a wand of quicksilver (8)
 z - a wand of digging (5)
 A - a wand of flame (15)
 B - a wand of polymorph (6)
 H - a wand of mindburst (9)
Scrolls
 k - a scroll of amnesia
 v - 3 scrolls of teleportation
 F - a scroll of poison
Potions
 b - 2 potions of attraction
 d - 2 potions of might
 e - a potion of flight
 f - 2 potions of resistance
 m - 2 potions of lignification
 o - a potion of brilliance
 w - 2 potions of curing
 E - 2 potions of magic
 G - a potion of haste
Miscellaneous
 D - a lightning rod (4/4)


   Skills:
 + Level 8.6 Fighting
 * Level 11.7 Axes
 + Level 7.9 Armour
 + Level 7.9 Shields
 * Level 10.9 Invocations
 - Level 8.0 Evocations


You had 10 spell levels left.
You didn't know any spells.
Your spell library contained the following spells:

 Spells                   Type           Power      Damage    Failure   Level
 Cigotuvi's Dreadful Rot  Necr/Pois/Air  0%         N/A       91%         2
 Call Canine Familiar     Summ           0%         N/A       99%         3
 Ignite Poison            Fire/Tmut/Pois 0%         N/A       99%         3
 Portal Projectile        Hex/Tloc       0%         N/A       99%         3
 Leda's Liquefaction      Hex/Erth       0%         N/A       100%        4
 Freezing Cloud           Conj/Ice/Air   0%         6-21      100%        5


Dungeon Overview and Level Annotations

Branches:
Dungeon (10/15)            Temple (0/1) D:6            Lair (1/5) D:10
    Orc (0/2) D:9           Sewer (visited)

Altars:
Ashenzari
Cheibriados
Dithmenos
Elyvilon
Fedhas
Kikubaaqudgha
Makhleb
Qazlal
Ru
Trog
Uskayaw
Vehumet
Wu Jian
Yredelemnul
The Shining One

Shops:
D:2 (   D:3 =


Message History

Your limbs are stiffening.
You hit the catoblepas. You burn the catoblepas.
The catoblepas is severely wounded.
You are engulfed in calcifying dust.
Your limbs have turned to stone.
You block the catoblepas's attack.
You have turned to stone.
You are engulfed in calcifying dust.
The catoblepas gores you!!
You are engulfed in calcifying dust.
The catoblepas breathes a plume of calcifying dust at you.
The blast of calcifying dust hits you but does no damage.
A blink frog comes into view.
The blink frog blinks!
You are engulfed in calcifying dust.
The catoblepas breathes a plume of calcifying dust at you.
The blast of calcifying dust hits you. The blink frog barely misses you.
The catoblepas gores you!
The blink frog blinks! x2
The catoblepas gores you!!
The blink frog blinks!
The catoblepas gores you.
The blink frog blinks! x2
The catoblepas gores you!
The blink frog blinks!
The catoblepas gores you!!
* * * LOW HITPOINT WARNING * * *
The blink frog blinks!
The blink frog hits you but does no damage.
The catoblepas gores you!
* * * LOW HITPOINT WARNING * * *
The blink frog hits you!
* * * LOW HITPOINT WARNING * * *
The blink frog barely misses you.
You turn to flesh and can move again.
As you read the scroll of fear, it crumbles to dust.
You assume a fearsome visage.
The catoblepas resists with some effort.
The blink frog looks frightened! x3; The blink frog blinks! x3
The catoblepas barely misses you.
The blink frog blinks! x3
Cleave: a) +2 war axe (flame)
Press: ? - help, Dir - move target, f - catoblepas
Aim: a catoblepas (heavily wounded, haloed, about 3% to evade your +2 war axe of flaming)
You hit the catoblepas. You burn the catoblepas.
The catoblepas is severely wounded.
The catoblepas gores you!!
You die...

....~~≈≈~~≈..#####
....~~≈≈≈≈≈~.......
#..~~≈≈≈≈≈≈§~..§..
#.≈~≈≈≈≈≈≈~....
#.~~≈~≈≈≈~...#
###...<.~~~.~..## .#
##P.........##F†.####§.#
.##..#.....#...§Y.......
....###.....F...@.§.....
...## ##.....)#....#....
...#######..##.##### #.
#.....# #..####
#...#.####.P####.#
###...............
##.#............
##..#....#.....
#########.#.##


You could see a catoblepas and 2 blink frogs.

Vanquished Creatures
  Snorg (D:10)
  A boulder beetle (D:10)
  A two-headed ogre (D:10)
  Amaemon (D:9)
  A fire crab (D:10)
  A deep elf pyromancer (D:10)
  Pikel (D:7)
  Maurice (D:9)
  A cane toad (Lair:1)
  An orange demon (D:9)
  A troll (D:9)
  A blink frog (Lair:1)
  2 wyverns
  A wraith (D:10)
  8 yaks
  3 steam dragons
  A water moccasin (D:8)
  4 sky beasts (D:7)
  3 ice beasts
  3 orc warriors
  A black bear (D:4)
  4 centaurs
  A phantom (D:6)
  4 kobold brigands
  A gnoll sergeant (D:8)
  3 bullfrogs
  5 scorpions
  8 wights
  8 killer bees
  4 howler monkeys
  2 orc priests
  A gnoll bouda (D:9)
  7 hounds
  3 jellies
  A sleepcap (D:6)
  3 iguanas
  9 orc wizards
  A mummy (D:4)
  8 gnolls
  13 adders
  7 river rats
  A white imp (D:5)
  2 worms
  3 dart slugs
  28 orcs
  15 ball pythons
  7 endoplasms
  A giant cockroach (D:2)
  5 goblins
  5 hobgoblins
  5 quokkas
  4 bats
  6 frilled lizards
  31 kobolds
  28 rats
272 creatures vanquished.

Notes
Turn   | Place    | Note
-------+----------+-------------------------------------------
     0 | D:1      | Graphine the Hill Orc Fighter began the quest for the Orb.
     0 | D:1      | Reached XP level 1. HP: 19/19 MP: 1/1
   364 | D:1      | Reached skill level 3 in Axes
   364 | D:1      | Reached XP level 2. HP: 27/27 MP: 2/2
   621 | D:1      | Reached XP level 3. HP: 32/33 MP: 3/3
  1287 | D:2      | Reached XP level 4. HP: 40/40 MP: 4/4
  1411 | D:2      | Identified the +1 scale mail of the Game of Life {+Blink
                  | +Inv rC+ Dex+3}
  1535 | D:2      | Found Mocliy's Weapon Shoppe.
  1889 | D:3      | Reached skill level 1 in Evocations
  1889 | D:3      | Reached XP level 5. HP: 11/47 MP: 5/5
  2136 | D:3      | Found Utaerazecs's Jewellery Shoppe.
  2223 | D:3      | Found a glowing golden altar of the Shining One.
  2230 | D:3      | Became a worshipper of the Shining One
  2374 | D:4      | Reached skill level 4 in Axes
  2504 | D:4      | Found a basalt altar of Yredelemnul.
  2590 | D:4      | Reached skill level 1 in Invocations
  2638 | D:4      | Noticed a black bear
  2646 | D:4      | Killed a black bear
  2647 | D:4      | Reached XP level 6. HP: 40/55 MP: 5/7
  3029 | D:4      | Reached XP level 7. HP: 50/60 MP: 8/8
  3155 | D:4      | Found a white marble altar of Elyvilon.
  3204 | D:4      | Reached skill level 5 in Axes
  3209 | D:4      | Reached skill level 5 in Fighting
  3591 | D:4      | Found a shadowy altar of Dithmenos.
  3646 | D:4      | Found a snail-covered altar of Cheibriados.
  3665 | D:5      | Entered Level 5 of the Dungeon
  3681 | D:5      | Found a glowing drain.
  3691 | Sewer    | Entered a sewer
  3795 | Sewer    | Reached * piety under the Shining One
  3807 | Sewer    | Reached XP level 8. HP: 68/68 MP: 11/11
  3827 | Sewer    | Reached skill level 5 in Shields
  3881 | Sewer    | Reached skill level 6 in Axes
  3958 | Sewer    | Reached skill level 5 in Armour
  4433 | D:5      | Reached skill level 5 in Invocations
  4450 | D:5      | HP: 2/70 [adder (3)]
  5317 | D:6      | Found a stormy altar of Qazlal.
  5319 | D:6      | Found a radiant altar of Vehumet.
  5341 | D:6      | Reached skill level 7 in Axes
  5396 | D:6      | Reached XP level 9. HP: 59/75 MP: 13/13
  5511 | D:6      | Found a staircase to the Ecumenical Temple.
  5535 | D:6      | Reached skill level 5 in Evocations
  6528 | D:7      | Noticed Pikel
  6533 | D:7      | Killed Pikel
  6534 | D:7      | Reached skill level 8 in Axes
  6607 | D:7      | Identified the +2 robe of Grace {Drain rC++ Dex+3}
  6617 | D:7      | Identified the +6 spear of the Thirsty Friars {freeze, rN++
                  | Int+2 Stlth+}
  6801 | D:7      | Reached XP level 10. HP: 78/84 MP: 15/15
  7024 | D:7      | Reached skill level 9 in Axes
  7425 | D:8      | Found a burning altar of Makhleb.
  7426 | D:8      | You fall into a shaft and drop 2 floors!
  7426 | D:10     | Entered Level 10 of the Dungeon
  7459 | D:9      | Noticed an orange demon
  7459 | D:9      | Noticed Amaemon
  7469 | D:9      | Killed an orange demon
  7471 | D:9      | Killed Amaemon
  8175 | D:8      | Reached skill level 10 in Axes
  8267 | D:8      | Reached ** piety under the Shining One
  8286 | D:8      | Found a broken altar of Ashenzari.
  8292 | D:8      | Found an ancient bone altar of Kikubaaqudgha.
  8312 | D:8      | Found an ornate altar of the Wu Jian Council.
  8463 | D:9      | Found a staircase to the Orcish Mines.
  8826 | D:9      | Found a hide-covered altar of Uskayaw.
  8977 | D:9      | Reached XP level 11. HP: 93/93 MP: 18/18
  9136 | D:9      | Noticed Maurice
  9144 | D:9      | Killed Maurice
  9414 | D:10     | Found a blossoming altar of Fedhas.
  9527 | D:10     | Noticed a boulder beetle
  9563 | D:10     | Killed a boulder beetle
  9719 | D:10     | Noticed Snorg
  9727 | D:10     | Killed Snorg
  9728 | D:10     | Reached skill level 11 in Axes
  9728 | D:10     | Reached skill level 10 in Invocations
  9826 | D:10     | Found a staircase to the Lair.
  9826 | D:10     | Noticed a fire crab
  9918 | D:10     | Killed a fire crab
 10147 | D:10     | Found a sacrificial altar of Ru.
 10289 | D:10     | Noticed a two-headed ogre
 10301 | D:10     | Killed a two-headed ogre
 10615 | D:10     | Noticed a deep elf pyromancer
 10618 | D:10     | Killed a deep elf pyromancer
 10731 | D:10     | Found a bloodstained altar of Trog.
 10865 | Lair:1   | Entered Level 1 of the Lair of Beasts
 10927 | Lair:1   | Noticed a catoblepas
 10954 | Lair:1   | Slain by a catoblepas

Illustrated notes

Levels and vault maps discovered:
D:1:      lemuel_arrival_lava_pool, layout_loops_ring, serial_co_window_serial,
          co_window_paths_a, co_window_paths_b, co_window_corner_a,
          co_window_paths_b, co_window_paths_b, co_window_of_opportunity_c,
          co_window_cross_2, co_window_corner_b, co_window_broadway_b,
          co_window_unsneaky_path_a, co_window_broadway_b, glass_columns_a,
          glass_columns_b, glass_columns_b
D:2:      layout_basic, serial_shops, shop
D:3:      layout_rooms, tso_altar, serial_shops, nicolae_shop_stone
D:4:      layout_basic, kennysheep_ying_yang, slow_altar_2,
          nicolae_overflow_hidden_temple, guppyfry_early_orc_mine
D:5:      layout_rooms, cheibrodos_sewer_entry_sluice,
          kennysheep_generic_room_16
D:6:      layout_layer_cave, mainiacjoe_overflow_catwalk_spiral,
          minmay_temple_entry_tees
D:7:      layout_loops_ring, minmay_unpleasant_kobolds, uniq_pikel
D:8:      layout_loops_cross, bloody_makhleb, minmay_overflow_temple_star_quad
D:9:      layout_cave_pods, lemuel_tele_altar, orc_0_dummy, serial_glass,
          glass_columns_b, glass_columns_c, glass_columns_a, glass_columns_c,
          uniq_maurice, uniq_amaemon
D:10:     layout_roguey, lemuel_round_altar, trog_book,
          mainiacjoe_overflow_surrounded_room, minmay_lair_entry_lava,
          uniq_snorg
Lair:1:   layout_concentric_octagons, st_stairs_9, infiniplex_staircase_pool

Skill      XL: |  1  2  3  4  5  6  7  8  9 10 11 |
---------------+----------------------------------+-----
Axes           | 3 4 5 7 8 10 11 | 11.7
Fighting       | 4 5 6 7 8 |  8.6
Armour         | 4 5 6 7 |  7.9
Shields        | 4 5 6 7 |  7.9
Evocations     | 1 2 3 4 6 7 8 |  8.0
Invocations    | 1 2 4 5 7 9 10 | 10.9

Action                     |  1- 3 |  4- 6 |  7- 9 | 10-12 || total
---------------------------+-------+-------+-------+-------++-------
  Melee: War axe           |    59 |   147 |   285 |   227 ||   718
         Unarmed           |       |       |       |     3 ||     3
  Throw: Boomerang         |       |       |       |     1 ||     1
 Invoke: Divine Shield     |       |       |       |     3 ||     3
  Evoke: Wand              |       |       |       |     5 ||     5
         Lightning rod     |       |       |       |     1 ||     1
    Use: Scroll            |     2 |       |    16 |     8 ||    26
         Potion            |       |     1 |     2 |     4 ||     7
 Armour: Scale mail        |    39 |    90 |   124 |    58 ||   311
  Dodge: Dodged            |    20 |    81 |   133 |    72 ||   306
  Block: Buckler           |    11 |    30 |    80 |     5 ||   126
         Kite shield       |       |       |       |   148 ||   148
